 Dungeon Crawl Stone Soup version 0.21.1-1-g345015f (webtiles) character file.

46 Kairos the Charmwright (level 3, 0/28 HPs)
             Began as a Demonspawn Skald on Mar 26, 2018.
             Succumbed to an adder's poison
             ... on level 2 of the Dungeon.
             The game lasted 00:01:39 (1139 turns).

Kairos the Charmwright (Demonspawn Skald)           Turns: 1139, Time: 00:01:40

Health: 0/28       AC:  3    Str: 12    XL:     3   Next: 46%
Magic:  6/6        EV: 12    Int: 14    God:
Gold:   25         SH:  0    Dex: 12    Spells: 5/6 levels left

rFire    . . .     SeeInvis .   a - +0 mace
rCold    . . .     Gourm    .   (no shield)
rNeg     . . .     Faith    .   b - +0 leather armour
rPois    .         Spirit   .   (no helmet)
rElec    .         Reflect  .   (no cloak)
rCorr    .         Harm     .   (no gloves)
MR       .....                  (no boots)
Stlth    +.........             (no amulet)
HPRegen  0.09/turn              (no ring)
MPRegen  0.10/turn              (no ring)

@: lethally poisoned (0 -> -3)
A: hooves 1, demonic guardian 1
a: no special abilities


You were on level 2 of the Dungeon.
You were hungry.

You visited 1 branch of the dungeon, and saw 2 of its levels.

You collected 25 gold pieces.

Inventory:

Hand Weapons
 a - a +0 mace (weapon)
Armour
 b - a +0 leather armour (worn)
Scrolls
 e - a scroll of amnesia {unknown}
 f - a scroll of remove curse {unknown}
 i - 2 scrolls of immolation {unknown}
Potions
 g - 2 potions of might {unknown}
 h - a potion of ambrosia {unknown}
Books
 c - a book of Battle

   Spells                             Type                      Level
   a - Infusion                       Charms                       1
   b - Shroud of Golubria             Charms/Translocation         2
   c - Song of Slaying                Charms                       2
   d - Spectral Weapon                Hexes/Charms                 3
   e - Regeneration                   Charms/Necromancy            3
Comestibles
 d - 4 rations


   Skills:
 + Level 2.5 Fighting
 + Level 2.5 Maces & Flails
 + Level 1.0 Armour
 + Level 2.0 Dodging
 + Level 2.1 Spellcasting
 + Level 3.0 Charms


You had 5 spell levels left.
You knew the following spells:

 Your Spells              Type           Power        Failure   Level  Hunger
a - Infusion              Chrm           #...         9%          1    #......


Dungeon Overview and Level Annotations

Branches:
Dungeon (2/15)

Altars:


Innate Abilities, Weirdness & Mutations

You have large cloven feet.
A weak demonic guardian rushes to your aid.


Message History

The adder bites your iron imp. The adder bites your iron imp.
Your iron imp misses the adder.
You feel sick.
The adder bites your iron imp but does no damage.
Your iron imp hits the adder.
The adder barely misses your iron imp. x2
Your iron imp barely misses the adder.
The adder barely misses your iron imp.
The adder bites your iron imp but does no damage.
Your iron imp misses the adder.
You feel sick.
You are no longer poisoned.
Your iron imp disappears in a puff of smoke!
The adder bites you.
* * * LOW HITPOINT WARNING * * *
You are lethally poisoned!
The adder poisons you!
* * * LOW HITPOINT WARNING * * *
You feel sick. The adder barely misses you.
You die...

#. #.# #.# #. #.#
##.## #.
#.######.#.## #.
#.....#<###.# #.
#####.##.#.## #.
#.##..## #S##.##
#.##.#
#########@##.#
..........##.#
#.######.###.####
#.# #.# #....#
#.######.# ####.#
#.#.(..).# #.#
####.#.#.##.# #.#
#...........# #.#
#.....♣♣♣♣♣♣# #.#


You could see an adder.

Vanquished Creatures
  An adder (D:2)
  A dart slug (D:1)
  A leopard gecko (D:1)
  6 bats (D:1)
  A giant cockroach (D:2)
  4 goblins
  3 hobgoblins (D:1)
  4 jackals (D:1)
  2 kobolds (D:1)
  3 frilled lizards (D:1)
  3 rats
29 creatures vanquished.

Vanquished Creatures (collateral kills)
  A leopard gecko (D:2)
  A jackal (D:2)
2 creatures vanquished.

Grand Total: 31 creatures vanquished

Notes
Turn   | Place    | Note
-------+----------+-------------------------------------------
     0 | D:1      | Kairos the Demonspawn Skald began the quest for the Orb.
     0 | D:1      | Reached XP level 1. HP: 16/16 MP: 3/3
   397 | D:1      | Reached skill level 3 in Charms
   397 | D:1      | Gained mutation: You have large cloven feet. [demonic ancestry]
   397 | D:1      | Reached XP level 2. HP: 18/22 MP: 5/5
   664 | D:1      | Gained mutation: A weak demonic guardian rushes to your aid. [demonic ancestry]
   664 | D:1      | Reached XP level 3. HP: 28/28 MP: 6/6
  1039 | D:2      | Found a faded altar of an unknown god.
  1116 | D:2      | Reached skill level 1 in Armour
  1135 | D:2      | HP: 1/28 [adder (4)]
  1139 | D:2      | Succumbed to an adder's poison

Skill      XL: |  1  2  3 |
---------------+----------+-----
Maces & Flails | 2 |  2.5
Charms         | 3 |  3.0
Dodging        | 2 |  2.0
Armour         | 1 |  1.0
Fighting       | |  2.5
Spellcasting   | |  2.1

Action                   || total
-------------------------++-------
Melee: Mace              ||    87
       Kick              ||    12
 Cast: Infusion          ||     1
Armor: Leather armour    ||    36
Dodge: Dodged            ||    78
